[Event "*** Titled Tuesday 3|2 Blitz (Late)"]
[Site "Chess.com"]
[Date "2017.01.03"]
[Round "1"]
[White "boredoldman"]
[Black "SabinaFoisor"]
[Result "1-0"]
[WhiteElo "2501"]
[BlackElo "2207"]
[TimeControl "180+2"]
[EndTime "17:09:52 PST"]
[Termination "boredoldman won by resignation"]

1. d4 d5 2. c4 e6 3. Nc3 Nf6 4. Nf3 Be7 5. Bf4 O-O 6. e3 c5 7. Bd3 dxc4 8. Bxc4 Nc6 9. O-O a6 10. dxc5 Bxc5 11. a3 b5 12. Bd3 Bb7 13. Qc2 Bd6 14.
Rfd1 Kh8 15. Be4 Ne8 16. Ng5 g6 17. Bxc6 Bxc6 18. Nge4 Bxe4 19. Nxe4 Qc7 20. Qxc7 Bxc7 21. Bxc7 Nxc7 22. Rac1 Nd5 23. Nd6 Kg7 24. e4 Nf6 25. f3 Rad8 26. Kf2 Rd7 27. Rc6 a5 28. g4 h6 29. Rb6 Rfd8 30. e5 Nd5 31. Rxb5 f6 32. Ne4 a4 33. Nc5 Re7 34. Nxe6+ Rxe6 35. exf6+ Kxf6 36. Rbxd5 Rb8 37. R1d2 g5 38. Ra5 Reb6 39. Rxa4 Rxb2 40. Rxb2 Rxb2+ 41. Kg3 Ra2 42. Ra6+ Kg7 43. h4 Kh7 44. f4 gxf4+ 45. Kxf4 Kg7 46. Ra7+ Kg6 47. a4 Ra1 48. a5 Ra4+ 49. Kf3 Ra3+ 50. Kf2 Ra4 51. Ra8 Kg7 52. Kf3 Ra3+ 53. Kf4 Ra4+ 54.
Kf5 Ra1 55. Ra7+ Kf8 56. Kg6 Ra4 57. Kxh6 Rxg4 58. h5 Kg8 59. a6 Rb4 60. Rb7 Ra4 61. a7 Ra6+ 62. Kg5 Ra5+ 63. Kf6 Ra6+ 64. Ke5 Ra5+ 65.
Kd6 Ra6+ 66. Kc5 Kh8 67. Rb8+ Kh7 68. a8=Q 1-0

[Event "*** Titled Tuesday 3|2 Blitz (Late)"]
[Site "Chess.com"]
[Date "2017.01.03"]
[Round "1"]
[White "andresgv36"]
[Black "Ar4uha"]
[Result "1-0"]
[WhiteElo "2326"]
[BlackElo "1200"]
[TimeControl "180+2"]
[EndTime "17:10:13 PST"]
[Termination "andresgv36 won by resignation"]

1. Nf3 Nf6 2. c4 e6 3. Nc3 Bb4 4. Qc2 O-O 5. d4 b6 6. e4 Bb7 7.
e5 Ne4 8. Bd3 f5 9. Nd2 Bxc3 10.
bxc3 Qh4 11. Nxe4 fxe4 12. Bf1 d6 13. exd6 cxd6 14. Be3 Nd7 15. Be2 Nf6 16. O-O Ng4 17.
Bxg4 Qxg4 18. a4 Ba6 19. Qb3 Rac8 20. Rfe1 Bxc4 21. Qb4 d5 22. Qd6 Rce8 23. a5 b5 24. a6 h5 25. Qd7 Ra8 26. h3 Qg6 27. Kh2 Rf7 28. Qd6 Raf8 29. Rg1 Rf5 30. Qc7 R8f7 31.
Qb8+ Kh7 32. Rad1 h4 33. Rd2 Qf6 34. Qd6 e5 35. Qxf6 gxf6 36. dxe5 fxe5 37. g3 hxg3+ 38.
Rxg3 R5f6 39. Kg2 Rxa6 40. Rb2 Ra1 41. h4 a5 42. Rg5 Rg7 43. Kg3 Rxg5+ 44. hxg5 a4 45.
Kg4 Kg6 46. f4 exf4 47. Kxf4 Rh1 48. Bc5 Rf1+ 49. Kg4 e3 50. Bxe3 a3 51. Rh2 Be2+ 52.
Rxe2 Ra1 53. Bd4 a2 54. Re6+ Kf7 55. Ra6 b4 56. g6+ Ke7 57. g7 Kf7 58. Ra7+ 1-0

[Event "*** Titled Tuesday 3|2 Blitz (Late)"]
[Site "Chess.com"]
[Date "2017.01.03"]
[Round "1"]
[White "Abrito99"]
[Black "Genghis_K"]
[Result "1/2-1/2"]
[WhiteElo "2329"]
[BlackElo "2716"]
[TimeControl "180+2"]
[EndTime "17:10:48 PST"]
[Termination "Game drawn - insufficient material"]

1. e4 c5 2. Nf3 Nc6 3. d4 cxd4 4. c3 Nf6 5. e5 Nd5 6. Bc4 Nb6 7. Bb3 g6 8. Ng5 d5 9. exd6 e6 10. O-O Bxd6 11. Nf3 Bf8 12. cxd4 Bg7 13. Be3 O-O 14. Nc3 Na5 15. Re1 Nxb3 16. Qxb3 Bd7 17. Rad1 Bc6 18. Ne5 Bd5 19. Qc2 Rc8 20. Qe2 Qe7 21. Rc1 a6 22. b3 Rc7 23. Qd2 Rfc8 24. Bf4 Qb4 25. Nd3 Qxc3 26. Rxc3 Rxc3 27. Nc5 Bxd4 28. Qxd4 R3xc5 29. Bh6 f6 30. Qxf6 R5c7 31. Qd4 Na8 32. h4 Rf7 33. h5 Nc7 34. hxg6 hxg6 35. Re3 Ne8 36. Rg3 Rf6 37. Bg5 Rf5 38. Bf4 Kf7 39. Be3 Nf6 40. Rh3 Bc6 41. Rh6 Rd5 42. Qf4 Rf5 43. Qg3 g5 44. Qh3 Be4 45. f3 Bd5 46. Kh2 Rg8 47. Bd4 g4 48. Qh4 e5 49. Bxe5 Rg6 50. Bxf6 Rfxf6 51. Rxg6 Rxg6 52. fxg4 Kg7 53. Kg3 Be6 54. Kf4 Rf6+ 55.
Ke5 Rg6 56. g5 Bf7 57. Qf4 Re6+ 58. Kd4 Re8 59. Qf6+ Kg8 60. g6 Be6 61. g4 a5 62.
g5 b6 63. Qf4 Rd8+ 64. Ke5 Re8 65. Kd6 a4 66. bxa4 Bxa2 67. Qb4 Re6+ 68. Kd7 Rxg6 69. Qe7 Rg7 70. Qxg7+ Kxg7 71. Kc6 Bb3 72. Kxb6 Bxa4 73. Kc5 Kg6 74. Kd4 Kxg5 1/2-1/2

[Event "*** Titled Tuesday 3|2 Blitz (Late)"]
[Site "Chess.com"]
[Date "2017.01.03"]
[Round "1"]
[White "MFBerna"]
[Black "Iball95"]
[Result "1/2-1/2"]
[WhiteElo "2209"]
[BlackElo "2450"]
[TimeControl "180+2"]
[EndTime "17:10:55 PST"]
[Termination "Game drawn - insufficient material"]

1. e4 c5 2. Nf3 Nc6 3. d4 cxd4 4. Nxd4 g6 5. c4 Nf6 6. Nc3 d6 7. Be2 Nxd4 8. Qxd4 Bg7 9. O-O O-O 10. Be3 Be6 11.
Qd3 Qa5 12. Rac1 Rfc8 13. b3 a6 14. Rfd1 b5 15. cxb5 axb5 16. Qxb5 Qxb5 17. Bxb5 Ra5 18. Ba4 Ng4 19. Nb5 Nxe3 20. Rxc8+ Bxc8 21. fxe3 Bd7 22. Nd4 Bxa4 23. bxa4 Rxa4 24. Rd2 Ra3 25. Kf2 Be5 26.
h3 Bf6 27. Nb5 Ra4 28. Nd4 Kg7 29. Ke2 Ra3 30. Nb5 Ra5 31. Nc7 Bg5 32. Nd5 Ra3 33.
g3 Kf8 34. h4 Bh6 35. Nf4 Bg7 36. Rc2 Be5 37. Rd2 e6 38. Kf3 Ke7 39. Ne2 h5 40.
Nd4 Bxd4 41. Rxd4 Rxa2 42. Rb4 Ra7 43. Rb8 Kf6 44. Rd8 Ke5 45. Rf8 d5 46. exd5 Kxd5 47. Kf4 Ra4+ 48. Kf3 f5 49. Rf6 Rg4 50. Rf8 Ke5 51. Ra8 Rb4 52. Rg8 Kf6 53. Rf8+ Kg7 54. Ra8 Kf7 55. Ra7+ Kf6 56. Ra8 e5 57. Ra6+ Kf7 58.
Ra7+ Kf6 59. Ra6+ Kg7 60. Ra7+ Kh6 61. Ra5 e4+ 62. Kf4 Rb2 63. Ra8 Kg7 64. Ra7+ Kf6 65. Ra6+ Kf7 66. Kg5 Rg2 67. Ra7+ Ke6 68. Kxg6 Rxg3+ 69. Kxh5 Rxe3 70. Ra6+ Ke5 71. Ra5+ Kf4 72. Kg6 Rg3+ 73.
Kf6 e3 74. Rxf5+ Ke4 75. Re5+ Kd3 76. h5 e2 77. Rxe2 Kxe2 78. h6 Ke3 79. h7 Rh3 80. Kg7 Rxh7+ 81. Kxh7 1/2-1/2

[Event "*** Titled Tuesday 3|2 Blitz (Late)"]
[Site "Chess.com"]
[Date "2017.01.03"]
[Round "1"]
[White "beastfromweast"]
[Black "penguingm1"]
[Result "0-1"]
[WhiteElo "2297"]
[BlackElo "2669"]
[TimeControl "180+2"]
[EndTime "17:11:41 PST"]
[Termination "penguingm1 won by resignation"]

1. d4 d5 2. Nf3 Nf6 3. c4 e6 4.
Nc3 Be7 5. Bg5 h6 6. Bh4 O-O 7. e3 b6 8. Bd3 Bb7 9. O-O Nbd7 10. Qe2 c5 11. Rfd1 Rc8 12. Rac1 Ne4 13. Bxe7 Qxe7 14.
cxd5 exd5 15. Bb1 Rfd8 16. dxc5 Nxc3 17. Rxc3 bxc5 18. Qc2 Nf6 19. Qf5 g6 20. Qe5 Kf8 21. h4 Qxe5 22. Nxe5 Ke7 23. Rcd3 Ke6 24. Nf3 Rb8 25.
R3d2 Ba8 26. Kf1 Rb6 27. b3 Rdb8 28. Bd3 a5 29. Rc2 Nd7 30. Ke2 Bc6 31. Rdd2 a4 32.
bxa4 Bxa4 33. Rc1 Rb2 34. Bc2 Rxa2 35. Bf5+ gxf5 36. Rxa2 Bb5+ 37. Ke1 Bc4 38. Rac2 Nf6 39. Nd2 Bb5 40. Rxc5 Nd7 41. R5c2 Ne5 42. Nf3 Nd3+ 43. Kd2 Nxc1 44. Kxc1 Bc4 45. Nd4+ Kf6 46. Kd2 Re8 47. Rb2 Ra8 48. g3 Ke5 49. Nf3+ Ke4 50. Nd4 Ra3 51. Rc2 Rd3+ 52. Ke1 Ra3 53. Rc1 Ra2 54.
Rc2 Ra1+ 55. Kd2 Rf1 56. Kc3 Rd1 57. Rd2 Rb1 58. Rb2 Rc1+ 59. Rc2 Rh1 60. Rd2 h5 61. Rc2 f4 62. exf4 Bd3 63. Rd2 Rc1+ 64. Nc2 d4+ 65. Kb2 Rf1 66. Nb4 Rb1+ 67. Ka3 Bc4 68. Nc2 Rb3+ 69. Ka4 Rd3 70. Re2+ Kf3 71. Re7 Bb3+ 72. Kb4 Bxc2 73. Kc4 Rd1 74. Rd7 d3 75. Kc3 f5 76.
Rd5 Rb1 77. Kd2 Rd1+ 78. Kc3 Kxf2 79. Rxf5 Kxg3 80. Rxh5 Kxf4 81. Rd5 Rh1 82. h5 Bb1 83. Kd2 Ke4 84. Rd8 Rxh5 85. Re8+ Re5 86. Rd8 Rd5 87.
Re8+ Kd4 88. Rb8 Ba2 89. Rb4+ Bc4 90. Ra4 Rh5 91. Ra1 Rh2+ 92. Kc1 Kc3 93. Ra3+ Bb3 0-1

[Event "*** Titled Tuesday 3|2 Blitz (Late)"]
[Site "Chess.com"]
[Date "2017.01.03"]
[Round "1"]
[White "Divertissement"]
[Black "Goala"]
[Result "1/2-1/2"]
[WhiteElo "2440"]
[BlackElo "2166"]
[TimeControl "180+2"]
[EndTime "17:11:42 PST"]
[Termination "Game drawn by repetition"]

1. c4 c5 2. Nc3 b6 3. Nf3 Bb7 4. e3 Nf6 5. Be2 e6 6. O-O Be7 7. d4 cxd4 8. Nxd4 a6 9. Bf3 Qc7 10.
b3 O-O 11. Bb2 d6 12. Qe2 Nbd7 13. Rac1 Rac8 14. Bxb7 Qxb7 15. Qf3 Qxf3 16. Nxf3 Nc5 17. Rfd1 Rfd8 18. Ne2 b5 19. Ned4 bxc4 20. Rxc4 d5 21. Rc2 Nce4 22. Rdc1 Rxc2 23. Rxc2 Bc5 24. Nc6 Ra8 25. b4 Bd6 26. a4 Kf8 27. Kf1 h6 28.
Bd4 Nd7 29. Ke2 g5 30. h3 Ke8 31. Ne1 Be7 32. Nd3 Nd6 33. Rb2 Nc4 34. Rb1 Bd6 35.
h4 Rc8 36. b5 axb5 37. axb5 Na3 38. Rb3 Nxb5 39. Rxb5 Rxc6 40. h5 f6 41. Rb7 Rc7 42. Rb1 Rc2+ 43. Kd1 Ra2 44. Ke1 Ke7 45. Rb7 Ke8 46. g4 Ra3 47. Ke2 Ra2+ 48. Ke1 Ra3 49.
Ke2 e5 50. Bb2 Rxd3 51. Rxd7 Kxd7 52. Kxd3 Ke6 53. e4 Bc5 54. f3 Bf8 55. Bc3 d4 56. Bd2 Kd6 57. Kc4 Kc6 58. Be1 Be7 59. Ba5 Bf8 60.
Bd8 Bg7 61. Be7 Kd7 62. Bb4 Kc6 63. Bc5 Bh8 64. Bf8 Kd7 65. Bb4 Kc6 66. Ba3 Bg7 67. Bc5 Bh8 68. Bf8 Kd7 69. Kd5 Ke8 70. Bb4 Kd7 71.
Bf8 Ke8 72. Bb4 Kd7 73. Ba5 Bg7 74. Bb4 Bh8 75. Bc5 Bg7 76. Bd6 Bh8 77. Bf8 Ke8 78.
Bc5 Kd7 79. Kc4 Bg7 80. Bb4 Kc6 81. Be7 Kd7 82. Ba3 Kc6 83. Bc5 Bh8 84. Bf8 Kd7 1/2-1/2

[Event "*** Titled Tuesday 3|2 Blitz (Late)"]
[Site "Chess.com"]
[Date "2017.01.03"]
[Round "2"]
[White "Mornar1951"]
[Black "MbMaster"]
[Result "1/2-1/2"]
[WhiteElo "2586"]
[BlackElo "2382"]
[TimeControl "180+2"]
[EndTime "17:15:06 PST"]
[Termination "Game drawn by agreement"]

1. Nf3 Nf6 2. c4 g6 3. Nc3 Bg7 4. e4 d6 5. d4 Bg4 6. Be2 O-O 7. Be3 Nfd7 8. Rc1 a6 9. O-O c5 10. d5 b5 11. cxb5 axb5 12. Bxb5 Ne5 13. Be2 Nxf3+ 14.
Bxf3 Bxf3 15. Qxf3 Bxc3 16. bxc3 Rxa2 17. e5 Nd7 18.
exd6 exd6 19. Qg3 Ne5 20. Bxc5 dxc5 21. Qxe5 Re8 22. Qf4 Qxd5 23. c4 Qe5 24. Qf3 1/2-1/2

[Event "*** Titled Tuesday 3|2 Blitz (Late)"]
[Site "Chess.com"]
[Date "2017.01.03"]
[Round "2"]
[White "calemcc"]
[Black "avto24"]
[Result "0-1"]
[WhiteElo "2201"]
[BlackElo "2349"]
[TimeControl "180+2"]
[EndTime "17:15:06 PST"]
[Termination "avto24 won by resignation"]

1. d4 d5 2. c4 c6 3. Nc3 e6 4. e3 Nf6 5. Nf3 Nbd7 6. Qc2 Be7 7. Bd2 O-O 8. O-O-O dxc4 9. Bxc4 b5 10. Bb3 a5 11. a4 Qb6 12. Ne4 Bb7 13.
Nfg5 c5 14. dxc5 Bxc5 15. Nxc5 Nxc5 16. axb5 Rfc8 17. Bc4 Nce4 18. Be1 Nxg5 19. h4 Nge4 20. f3 Nd6 21. b3 Nxb5 22. g4 Na3 23. Qa2 Nxc4 24.
bxc4 Qxe3+ 25. Bd2 Qxf3 26. Rhf1 Qxg4 0-1

[Event "*** Titled Tuesday 3|2 Blitz (Late)"]
[Site "Chess.com"]
[Date "2017.01.03"]
[Round "2"]
[White "RobertoJBM"]
[Black "boredoldman"]
[Result "0-1"]
[WhiteElo "2467"]
[BlackElo "2509"]
[TimeControl "180+2"]
[EndTime "17:15:30 PST"]
[Termination "boredoldman won by resignation"]

1. d4 Nf6 2. Nf3 c5 3. e3 e6 4.
c3 Nc6 5. Nbd2 d5 6. Bd3 Bd6 7.
O-O O-O 8. dxc5 Bxc5 9. e4 Qc7 10. exd5 exd5 11. Nb3 Bb6 12. Bg5 Ne4 13. Bh4 Bg4 14.
Be2 Qd6 15. Nfd4 Bxe2 16. Nxe2 f5 17. Ned4 g5 18. f3 gxh4 19. fxe4 Nxd4 20. Nxd4 dxe4 21. Kh1 Bc7 22. g3 hxg3 23. hxg3 Qh6+ 24. Kg2 f4 25. Qg4+ Kh8 26. Rh1 f3+ 27. Kf2 Qd2+ 0-1

[Event "*** Titled Tuesday 3|2 Blitz (Late)"]
[Site "Chess.com"]
[Date "2017.01.03"]
[Round "2"]
[White "Ez_Chess2016"]
[Black "AungTZ"]
[Result "0-1"]
[WhiteElo "1980"]
[BlackElo "2137"]
[TimeControl "180+2"]
[EndTime "17:16:00 PST"]
[Termination "AungTZ won by resignation"]

1. e4 c5 2. b3 Nc6 3. Bb2 e5 4. Bc4 d6 5. Ne2 Be7 6. O-O Nf6 7. Nbc3 Nd4 8. d3 O-O 9. f4 Bg4 10. h3 Bxe2 11. Nxe2 a6 12. a4 Nd7 13. Nxd4 cxd4 14.
c3 dxc3 15. Bxc3 Bf6 16. f5 Rc8 17. Bb4 Qb6+ 18. Kh1 Qxb4 0-1

[Event "*** Titled Tuesday 3|2 Blitz (Late)"]
[Site "Chess.com"]
[Date "2017.01.03"]
[Round "2"]
[White "LazarusIcarus"]
[Black "1random"]
[Result "1-0"]
[WhiteElo "2124"]
[BlackElo "2022"]
[TimeControl "180+2"]
[EndTime "17:16:40 PST"]
[Termination "LazarusIcarus won by checkmate"]

1. e4 d5 2. exd5 Nf6 3. d4 Bg4 4. Be2 Bxe2 5. Qxe2 Qxd5 6. Nf3 Nc6 7. Be3 O-O-O 8. c4 Qf5 9. Nc3 e6 10. O-O Bd6 11. Rfd1 h6 12. d5 Ne5 13. Nd4 Qg6 14.
Ndb5 a6 15. Na7+ Kb8 16. c5 exd5 17. cxd6 Rxd6 18. Bf4 Qb1 19. Raxb1 Nd3 20. Qxd3 Re6 21. Nxd5 Re1+ 22. Rxe1 Ne4 23. Qxe4 h5 24. Bxc7+ Ka8 25. Qe8+ Kxa7 26. Bb6# 1-0

[Event "*** Titled Tuesday 3|2 Blitz (Late)"]
[Site "Chess.com"]
[Date "2017.01.03"]
[Round "2"]
[White "FLchessplayer"]
[Black "SidArun"]
[Result "1-0"]
[WhiteElo "2090"]
[BlackElo "2044"]
[TimeControl "180+2"]
[EndTime "17:16:52 PST"]
[Termination "FLchessplayer won by resignation"]

1. e4 c6 2. d4 d5 3. exd5 cxd5 4.
Bd3 Nc6 5. c3 Qc7 6. h3 g6 7.
Be3 Bf5 8. Bxf5 gxf5 9. Nf3 e6 10.
Qc1 Bd6 11. a4 Nge7 12. Na3 Na5 13. Nb5 Qd7 14. Nxd6+ Qxd6 15. Nd2 Rc8 16. g3 Ng6 17. Bg5 Nc4 18. Nxc4 Rxc4 19. b3 Rc6 20. Qd2 Kd7 21. h4 h5 22. Ke2 Rhc8 23. Rhc1 e5 24. dxe5 Qxe5+ 25. Kf1 Rxc3 26. Re1 Rc2 27. Qb4 Qc7 28.
Rad1 Qc6 29. Re7+ Kd8 30. Rxf7+ Ke8 31. Re7+ Kf8 32. Rc7+ 1-0

[Event "*** Titled Tuesday 3|2 Blitz (Late)"]
[Site "Chess.com"]
[Date "2017.01.03"]
[Round "2"]
[White "MFBerna"]
[Black "Divertissement"]
[Result "0-1"]
[WhiteElo "2206"]
[BlackElo "2443"]
[TimeControl "180+2"]
[EndTime "17:16:56 PST"]
[Termination "Divertissement won by resignation"]

1. e4 c6 2. d4 d5 3. e5 Bf5 4. Nf3 e6 5. Be2 Nd7 6. O-O Bg6 7. c4 Ne7 8. Nbd2 Nf5 9. b3 Be7 10.
a4 O-O 11. Ba3 Bxa3 12. Rxa3 f6 13. exf6 Qxf6 14. Ra1 Nxd4 15. Nxd4 Qxd4 16. Bg4 Rae8 17. Bh3 Ne5 18. cxd5 exd5 19. a5 Nd3 20. Nf3 Qf6 21. a6 b6 22. Qd2 Nf4 23. Ne1 Qg5 0-1

[Event "*** Titled Tuesday 3|2 Blitz (Late)"]
[Site "Chess.com"]
[Date "2017.01.03"]
[Round "2"]
[White "DuleMudule"]
[Black "josiwales"]
[Result "1-0"]
[WhiteElo "2520"]
[BlackElo "2251"]
[TimeControl "180+2"]
[EndTime "17:17:34 PST"]
[Termination "DuleMudule won by resignation"]

1. d4 d5 2. Bf4 Nf6 3. e3 c6 4. c4 Bf5 5. Nc3 e6 6. Qb3 Qc8 7. h3 h6 8. Rc1 Nbd7 9. Nf3 Be7 10. Be2 O-O 11. O-O Nb6 12. c5 Nbd7 13. Na4 Ne4 14.
Rfd1 Bh7 15. Nc3 g5 16. Bh2 f5 17. Nxe4 fxe4 18. Ne5 Nxe5 19. Bxe5 Qd7 20. Rf1 Bf5 21.
Qd1 Bf6 22. Bd6 Rf7 23. Bh5 Rg7 24. b4 Bg6 25. Bxg6 Rxg6 26. f3 exf3 27. Qxf3 Bg7 28.
Qh5 Kh7 29. a4 Rf6 30. Rxf6 Bxf6 31. Rf1 Qg7 32. b5 Rf8 33. Bxf8 Qxf8 34. Qf3 Kg7 35. a5 cxb5 36. a6 bxa6 37. c6 1-0

[Event "*** Titled Tuesday 3|2 Blitz (Late)"]
[Site "Chess.com"]
[Date "2017.01.03"]
[Round "2"]
[White "LawrenceTrent"]
[Black "Rating-Schmating"]
[Result "0-1"]
[WhiteElo "2406"]
[BlackElo "2278"]
[TimeControl "180+2"]
[EndTime "17:18:03 PST"]
[Termination "Rating-Schmating won by resignation"]

1. e4 e6 2. d4 d5 3. Nd2 a6 4.
Ngf3 Nf6 5. e5 Nfd7 6. Bd3 c5 7. c3 Nc6 8. O-O g5 9. dxc5 g4 10. Nd4 Ncxe5 11. N2b3 Nxd3 12. Qxd3 Nxc5 13. Nxc5 Bxc5 14. Be3 Bd6 15. Rae1 Bd7 16. Nf5 Bb5 17. Qd4 Rg8 18. Bf4 Bxf4 19. Qxf4 Bxf1 20. Nd6+ Kd7 21. Nxf7 Qe7 22. Ne5+ Kc7 23. Kxf1 Raf8 24. Qg3 Qd6 25.
c4 Rf5 26. c5 Qxc5 27. Nd3+ Qd6 28. Rc1+ Kd7 29. Ne5+ Qxe5 30. Qh4 Qf6 31. Qg3 e5 32.
Qb3 Rxf2+ 33. Kg1 Rxg2+ 34. Kh1 Rxh2+ 35. Kxh2 Qf2+ 36. Kh1 Qf3+ 0-1

[Event "*** Titled Tuesday 3|2 Blitz (Late)"]
[Site "Chess.com"]
[Date "2017.01.03"]
[Round "2"]
[White "Tonychess32"]
[Black "MrReinberg"]
[Result "1-0"]
[WhiteElo "2401"]
[BlackElo "2165"]
[TimeControl "180+2"]
[EndTime "17:18:11 PST"]
[Termination "Tonychess32 won by checkmate"]

1. e4 c5 2. Nf3 g6 3. c3 Bg7 4.
d4 cxd4 5. cxd4 d5 6. e5 Nc6 7. Be2 Nh6 8. O-O O-O 9. Be3 f6 10. exf6 exf6 11. Nc3 Nf5 12. Qb3 Nfe7 13. Rfe1 Na5 14.
Qa3 Nc4 15. Bxc4 dxc4 16. Bf4 Nd5 17. Nxd5 Qxd5 18. Re7 Bg4 19. Rae1 Bxf3 20. gxf3 Qxd4 21. R1e4 Qd5 22. Rc7 Rf7 23. Rexc4 Re8 24. Kg2 g5 25. Bd6 Bf8 26. Bxf8 Rexf8 27. Qxa7 Rxc7 28. Rxc7 g4 29. Qxb7 gxf3+ 30. Kg3 Qg5+ 31. Kxf3 Qf5+ 32. Kg3 Qg5+ 33. Kf3 Qf5+ 34. Ke2 Re8+ 35. Re7 Qf4 36. Rxe8# 1-0

[Event "*** Titled Tuesday 3|2 Blitz (Late)"]
[Site "Chess.com"]
[Date "2017.01.03"]
[Round "2"]
[White "TrickyTrapChess"]
[Black "beastfromweast"]
[Result "1-0"]
[WhiteElo "2144"]
[BlackElo "2285"]
[TimeControl "180+2"]
[EndTime "17:18:11 PST"]
[Termination "TrickyTrapChess won by resignation"]

1. d4 d5 2. Bg5 h6 3. Bh4 Nd7 4.
e3 Ngf6 5. c4 e6 6. Nc3 Be7 7.
cxd5 exd5 8. Bd3 c6 9. Nge2 O-O 10. O-O Re8 11. Rc1 Nf8 12. f3 Be6 13. e4 dxe4 14. fxe4 Ng4 15. Bxe7 Qxe7 16. Qd2 Qd6 17. e5 Nxe5 18.
dxe5 Qxe5 19. Nf4 Rad8 20. Rce1 Qd4+ 21. Kh1 Rd6 22. Ne4 Rd7 23. Qe3 Qxb2 24. Nc5 Rde7 25. Nfxe6 Nxe6 26. Qe4 g6 27. Bc4 Nxc5 28. Qxg6+ Qg7 29.
Bxf7+ Kh8 30. Bxe8 1-0

[Event "*** Titled Tuesday 3|2 Blitz (Late)"]
[Site "Chess.com"]
[Date "2017.01.03"]
[Round "2"]
[White "Kanthecarowin"]
[Black "wonderfultime"]
[Result "1-0"]
[WhiteElo "2255"]
[BlackElo "2643"]
[TimeControl "180+2"]
[EndTime "17:18:29 PST"]
[Termination "Kanthecarowin won by resignation"]

1. d4 Nf6 2. c4 e6 3. Nc3 Bb4 4. Qc2 O-O 5. e4 d6 6. Bd3 Nc6 7. Ne2 e5 8. O-O Nxd4 9. Nxd4 exd4 10. Nd5 Nxd5 11. cxd5 Bc5 12. f4 Bb6 13. f5 Qf6 14. g4 Qh4 15. Qg2 Qd8 16. g5 f6 17. g6 h6 18. Qh3 Qe7 19. Kh1 Re8 20. Rg1 c6 21. Bxh6 gxh6 22. g7 Kf7 23. Qh5+ Kg8 24. Qxh6 Bd7 25. Qh8+ Kf7 26. g8=Q+ 1-0

[Event "*** Titled Tuesday 3|2 Blitz (Late)"]
[Site "Chess.com"]
[Date "2017.01.03"]
[Round "2"]
[White "StegariuVlad"]
[Black "Cruel_Yaro"]
[Result "0-1"]
[WhiteElo "2447"]
[BlackElo "2588"]
[TimeControl "180+2"]
[EndTime "17:18:42 PST"]
[Termination "Cruel_Yaro won by resignation"]

1. e4 c5 2. Nf3 d6 3. g3 e5 4. Bg2 f5 5. d3 Nf6 6. O-O Nc6 7. exf5 Bxf5 8. Nh4 Bg4 9. f3 Be6 10. f4 Qd7 11. Nc3 O-O-O 12. fxe5 dxe5 13. Nf3 c4 14. Be3 cxd3 15. Rc1 e4 16. Ng5 d2 17. Qxd2 Qxd2 18. Bxd2 Bc5+ 19. Kh1 Bc4 20. Ngxe4 Bxf1 21. Rxf1 Nxe4 22. Nxe4 Bd4 23. Bf4 Be5 24. Nc5 Bxf4 25.
gxf4 Rd2 26. Be4 g6 27. Bd3 Nb4 28. Ne4 Nxd3 29. Nxd2 Nxb2 30. f5 gxf5 31. Rxf5 Rd8 32. Nb3 Na4 33. Rf7 Rd7 34. Rf3 b5 35. Kg2 Kc7 36.
h4 Kb6 37. Kg3 Rc7 38. Rf2 Nc3 39. Nc1 Ne4+ 40. Kf3 Nxf2 41. Kxf2 Rxc2+ 0-1

[Event "*** Titled Tuesday 3|2 Blitz (Late)"]
[Site "Chess.com"]
[Date "2017.01.03"]
[Round "2"]
[White "Genghis_K"]
[Black "Syntactic_Sugar"]
[Result "1-0"]
[WhiteElo "2717"]
[BlackElo "2218"]
[TimeControl "180+2"]
[EndTime "17:18:49 PST"]
[Termination "Genghis_K won by resignation"]

1. e4 e5 2. Nf3 Nc6 3. Bc4 Nf6 4.
d3 Bc5 5. O-O O-O 6. c3 d5 7.
exd5 Nxd5 8. a4 Nb6 9. Bb3 Bg4 10. a5 Nd7 11. a6 Rb8 12. axb7 Rxb7 13. Bd5 Rb6 14. b4 Bd6 15. Be3 Nf6 16. Bxc6 Rxc6 17.
b5 Rb6 18. Bxb6 axb6 19. h3 Bh5 20. Nbd2 Qd7 21. Qe2 Qxb5 22. c4 Qc6 23. g4 Bg6 24.
Nh4 Re8 25. Nxg6 hxg6 26. Ne4 Be7 27. Qf3 Qe6 28. Ra7 Nxe4 29. Qxe4 Qd6 30. Ra8 Rxa8 31.
Qxa8+ Kh7 32. Qf3 Qe6 33. Kg2 f5 34. gxf5 gxf5 35. Qh5+ Kg8 36. Ra1 Qc6+ 37. Kg1 Bc5 38. Qxf5 Bd4 39. Qc8+ Kh7 40. Ra8 Qg6+ 41. Qg4 Qxg4+ 42.
hxg4 Bc5 43. Kg2 Kg6 44. Kf3 Kf6 45. Rc8 Bd6 46. Ke4 Kg6 47. f3 Kg5 48. Ra8 Kf6 49.
Ra1 Kg5 50. Rh1 Kg6 51. Rh5 Kf6 52. Rf5+ Kg6 53. Kd5 1-0

[Event "*** Titled Tuesday 3|2 Blitz (Late)"]
[Site "Chess.com"]
[Date "2017.01.03"]
[Round "2"]
[White "iturrizaga"]
[Black "afgano29"]
[Result "1-0"]
[WhiteElo "2686"]
[BlackElo "2412"]
[TimeControl "180+2"]
[EndTime "17:18:58 PST"]
[Termination "iturrizaga won by resignation"]

1. Nf3 Nf6 2. c4 g6 3. Nc3 d5 4. cxd5 Nxd5 5. Qb3 Nxc3 6. Qxc3 f6 7. h4 h5 8. e4 e5 9. d4 exd4 10. Nxd4 c5 11.
Bb5+ Kf7 12. Nf3 Bg4 13. Be3 Qb6 14. Bc4+ Kg7 15. Nh2 Nc6 16. Nxg4 hxg4 17. O-O-O Ne5 18. Bf4 Bd6 19. Bxe5 Bxe5 20. Rd7+ Kh6 21. Qd2+ Kh5 22. Rd5 Qc7 23. f4 gxf3 24. Qf4 1-0

[Event "*** Titled Tuesday 3|2 Blitz (Late)"]
[Site "Chess.com"]
[Date "2017.01.03"]
[Round "2"]
[White "Ilja_Semjonovs"]
[Black "lrj2011"]
[Result "1-0"]
[WhiteElo "2201"]
[BlackElo "2295"]
[TimeControl "180+2"]
[EndTime "17:19:00 PST"]
[Termination "Ilja_Semjonovs won by checkmate"]

1. d4 Nf6 2. Nf3 g6 3. Bg5 Bg7 4. Bxf6 Bxf6 5. e3 d5 6. Bd3 O-O 7. c3 c5 8. Nbd2 Nc6 9. Qe2 e5 10. dxe5 Nxe5 11. Nxe5 Bxe5 12. O-O-O c4 13. Bb1 Qa5 14.
Nf3 Bg7 15. h4 b5 16. a3 Bxc3 17. bxc3 Qxc3+ 18. Qc2 Qxa3+ 19. Qb2 Qc5 20. Qd4 Qa3+ 21. Qb2 Qa5 22. Rxd5 c3 23. Qa2 Qb6 24. Nd4 Be6 25.
Nxe6 fxe6 26. Rd4 b4 27. Qc4 a5 28. h5 Rac8 29. Qd3 c2 30. Ba2 Rf6 31. hxg6 hxg6 32. Rdh4 Rf5 33. Rh8+ Kg7 34. Rxc8 a4 35. Qd7+ Kf6 36. Rf8+ Kg5 37. Rxf5+ exf5 38. Qe7+ Kg4 39. Qh4# 1-0

[Event "*** Titled Tuesday 3|2 Blitz (Late)"]
[Site "Chess.com"]
[Date "2017.01.03"]
[Round "2"]
[White "Buffy7"]
[Black "attack2mateU"]
[Result "1-0"]
[WhiteElo "2503"]
[BlackElo "2342"]
[TimeControl "180+2"]
[EndTime "17:19:06 PST"]
[Termination "Buffy7 won by resignation"]

1. Nf3 Nf6 2. g3 g6 3. Bg2 Bg7 4. O-O O-O 5. d3 d5 6. Nbd2 c5 7. c4 Nc6 8. a3 e5 9. cxd5 Nxd5 10.
Rb1 b6 11. Nc4 Bb7 12. Bd2 Nd4 13. Nfxe5 b5 14. Na5 Rb8 15. Nxb7 Rxb7 16. Nf3 Re8 17. Nxd4 cxd4 18. Re1 Rbe7 19. Qb3 Nf6 20. Bc6 Rxe2 21. Bxe8 Qxe8 22. Qd1 Rxe1+ 23. Qxe1 Qd7 24. Bg5 Ng4 25. Qe4 f5 26. Qa8+ Kf7 27. Re1 Bf6 28. Bxf6 Nxf6 29. Qb8 h5 30. Rc1 Nd5 31. Qe5 h4 32. Rc5 Ne7 33. Rc7 Qd8 34. Rxa7 h3 35. Qxb5 Qd6 36. Qb4 Qe6 37. Rxe7+ Qxe7 38. Qxe7+ Kxe7 39. Kf1 1-0

[Event "*** Titled Tuesday 3|2 Blitz (Late)"]
[Site "Chess.com"]
[Date "2017.01.03"]
[Round "2"]
[White "norwaytoadog"]
[Black "SwiftyMcBishop"]
[Result "0-1"]
[WhiteElo "1940"]
[BlackElo "2117"]
[TimeControl "180+2"]
[EndTime "17:19:06 PST"]
[Termination "SwiftyMcBishop won on time"]

1. e4 c5 2. Nf3 d6 3. Bb5+ Nd7 4.
O-O a6 5. Bd3 Ngf6 6. c3 e6 7.
Bc2 Be7 8. d4 cxd4 9. cxd4 O-O 10. Nc3 b5 11. a3 Bb7 12. Re1 Rc8 13. Bf4 Nb6 14. Qd3 Nc4 15. Rab1 Qc7 16. Bd2 Nxd2 17. Qxd2 Qa5 18. Qg5 Nd5 19. Qh5 Nxc3 20. bxc3 Qxc3 21. Bb3 Qd3 22. d5 e5 23. h4 Rc3 24. Rb2 Rxb3 25.
Rxb3 Qxb3 26. Ng5 h6 27. Re3 Qb1+ 28. Kh2 hxg5 29. hxg5 Bc8 30. g4 Qf1 31. Rh3 Qxf2+ 32. Kh1 Qe1+ 33. Kh2 Qe2+ 34. Kg1 Qxg4+ 0-1